 Dungeon Crawl Stone Soup version 0.28.0-45-g0d030f2227 (webtiles) character file.

Game seed: 5228997950725945346

67 McKennaii the Skirmisher (level 4, 33/35 HPs)
             Began as a Demonspawn Fighter on Apr 7, 2022.
             Quit the game on level 3 of the Dungeon.
             The game lasted 00:02:18 (2219 turns).

McKennaii the Skirmisher (Demonspawn Fighter)       Turns: 2219, Time: 00:02:19

Health: 33/35      AC: 10    Str: 18    XL:     4   Next: 0%
Magic:  4/4        EV:  9    Int: 10    God:
Gold:   157        SH:  8    Dex: 12    Spells: 3/3 levels left

rFire   . . .      SeeInvis .   a - +0 trident
rCold   . . .      Faith    .   c - +0 buckler
rNeg    . . .      Spirit   .   b - +0 scale mail
rPois   .          Reflect  .   (no helmet)
rElec   .          Harm     .   (no cloak)
rCorr   .          Rampage  .   (no gloves)
Will    .....                   (no boots)
Stlth   ..........              (no amulet)
HPRegen 0.11/turn               (no ring)
MPRegen 0.09/turn               (no ring)

@: no status effects
A: icemail 1, condensation shield, weakness stinger 1
a: no special abilities


You were on level 3 of the Dungeon.
You visited 1 branch of the dungeon, and saw 3 of its levels.

You collected 157 gold pieces.

Inventory:

Hand Weapons
 a - a +0 trident (weapon)
Armour
 b - a +0 scale mail (worn)
 c - a +0 buckler (worn)
Jewellery
 l - a +4 ring of evasion
Scrolls
 f - a scroll of immolation {unknown}
 h - 2 scrolls of teleportation {unknown}
 i - a scroll of enchant weapon {unknown}
 j - 2 scrolls of identify {unknown}
Potions
 d - a potion of might
 e - a potion of attraction {unknown}
 g - a potion of mutation {unknown}
 k - a potion of curing {unknown}


   Skills:
 + Level 3.5 Fighting
 + Level 2.4 Polearms
 + Level 3.2 Armour
 + Level 3.2 Shields


You had 3 spell levels left.
You didn't know any spells.
Your spell library contained the following spells:

 Spells                   Type           Power      Damage    Failure   Level
 Ensorcelled Hibernation  Hex/Ice        0%         N/A       93%         2
 Passwall                 Tmut/Erth      0%         N/A       93%         2
 Swiftness                Air            0%         N/A       99%         3


Dungeon Overview and Level Annotations

Branches:
Dungeon (3/15)

Altars:
Dithmenos
Elyvilon
Nemelex Xobeh
Xom
Yredelemnul
Zin
The Shining One


Innate Abilities, Weirdness & Mutations

A meltable icy envelope protects you from harm. (AC +4)
A meltable shield of frost defends you. (SH +4)
You have a small tail.


Message History

A goblin comes into view. It is wielding a +0 dagger.
The goblin shouts!
Found 12 gold pieces.
A goblin is nearby!
You reach to attack!
You closely miss the goblin.
A goblin is nearby!
You hit the goblin.
You kill the goblin!
No target in view!
Found a white marble altar of Elyvilon.
No target in view!
Found two altars.
No target in view!
You now have 157 gold pieces (gained 12).
You see here a +0 dagger.
Key pressed, stopping explore.
No target in view!
No target in view!
A ball python comes into view.
Found a red potion.
Found an escape hatch in the ceiling.
A ball python is nearby!
You reach to attack!
You barely miss the ball python. You hit the ball python.
The ball python is moderately wounded.
The ball python bites you but does no damage.
The ball python barely misses you. The ball python bites you.
The ball python grabs you. The ball python constricts you.
You hit the ball python.
You kill the ball python!
You have reached level 4!
You feel clever.
You feel monstrous as your demonic heritage exerts itself.
Your demonic ancestry asserts itself...
You grow a small tail.
Are you sure you want to abandon this character and quit the game? (Confirm with "yes".)
Okay, then.
Unknown command.
Autopickup is now off.
Autopickup is now on.
Are you sure you want to abandon this character and quit the game? (Confirm with "yes".)

##### ###########
...<..####
#..........
...!..†@.#
#.#########
#####.##.#####.###
# #.##.....)#####
#.##.##.).....##
#....####.##.#.##
###### #...###..
#..#.#.##
♣♣.♣♣.###
♣♣...♣♣...


There were no monsters in sight!

Vanquished Creatures
  2 adders
  2 dart slugs
  An orc (D:3)
  3 bats
  4 endoplasms
  A giant cockroach (D:3)
  10 goblins
  3 hobgoblins (D:2)
  3 kobolds (D:2)
  A quokka (D:2)
  6 ball pythons
  3 frilled lizards
  3 rats
42 creatures vanquished.

Notes
Turn   | Place    | Note
-------+----------+-------------------------------------------
     0 | D:1      | McKennaii the Demonspawn Fighter began the quest for the
                  | Orb.
     0 | D:1      | Reached XP level 1. HP: 18/18 MP: 1/1
   330 | D:1      | Gained mutation: A meltable shield of frost defends you.
                  | (SH +4) [demonic ancestry]
   330 | D:1      | Reached XP level 2. HP: 24/24 MP: 2/2
   555 | D:1      | Found a faded altar of an unknown god.
  1116 | D:2      | Gained mutation: A meltable icy envelope protects you from
                  | harm. (AC +4) [demonic ancestry]
  1116 | D:2      | Reached XP level 3. HP: 29/29 MP: 3/3
  1969 | D:3      | Found a shadowy altar of Dithmenos.
  1970 | D:3      | Found a basalt altar of Yredelemnul.
  1971 | D:3      | Found a shimmering altar of Xom.
  1971 | D:3      | Found a sparkling altar of Nemelex Xobeh.
  2219 | D:3      | Discovered your monstrous ancestry.
  2219 | D:3      | Gained mutation: You have a small tail. [demonic ancestry]
  2219 | D:3      | Reached XP level 4. HP: 33/35 MP: 4/4
  2219 | D:3      | Quit the game

Illustrated notes

Levels and vault maps discovered:
D:1:      co_arrival_square_in_a_square_in_a_square, layout_loops_cross,
          ebering_ecumenical_altar_webs
D:2:      layout_rooms, grunt_decor_junction, minmay_tall_x
D:3:      layout_loops_ring, good_gods_temple_1, general_overflow_altar,
          chequers_temple_overflow_statue_of_worship, roderic_lattice_a,
          chequers_mini_garden

Skill      XL: |  1  2 |
---------------+-------+-----
Polearms       | 2 |  2.4
Armour         | 3 |  3.2
Shields        | 3 |  3.2
Fighting       | |  3.5

Action                   |  1- 3 |  4- 6 || total
-------------------------+-------+-------++-------
Melee: Trident           |   145 |       ||   145
Armor: Scale mail        |    51 |       ||    51
Dodge: Dodged            |    46 |       ||    46
Block: Buckler           |    45 |       ||    45
